 Dungeon Crawl Stone Soup version 0.21.1-1-g345015f (webtiles) character file.

53 Solrac the Sneak (level 4, -2/29 HPs)
             Began as a Halfling Assassin on Mar 17, 2018.
             Slain by a gnoll
             ... wielding a +0 flail
              (10 damage)
             ... on level 2 of the Dungeon.
             The game lasted 00:12:19 (1261 turns).

Solrac the Sneak (Halfling Assassin)                Turns: 1261, Time: 00:12:20

Health: -2/29      AC:  3    Str: 12    XL:     4   Next: 10%
Magic:  4/4        EV: 14    Int:  9    God:
Gold:   36         SH:  0    Dex: 16    Spells: 3/3 levels left

rFire    . . .     SeeInvis .   b - +0 blowgun
rCold    . . .     Gourm    .   (shield restricted)
rNeg     . . .     Faith    .   c - +0 robe
rPois    .         Spirit   .   (no helmet)
rElec    .         Reflect  .   d - +0 cloak
rCorr    .         Harm     .   (no gloves)
MR       .....                  (no boots)
Stlth    +++.......             (no amulet)
HPRegen  0.09/turn              (no ring)
MPRegen  0.09/turn              (no ring)

@: no status effects
A: small, mutation resistance 1
a: no special abilities


You were on level 2 of the Dungeon.
You were not hungry.

You visited 1 branch of the dungeon, and saw 2 of its levels.

You collected 36 gold pieces.

Inventory:

Hand Weapons
 a - a +2 dagger
 b - a +0 blowgun (weapon)
 n - a +0 short sword
Missiles
 j - 30 stones (quivered)
 k - 22 sling bullets
 m - 2 throwing nets
Armour
 c - a +0 robe (worn)
 d - a +0 cloak (worn)
Scrolls
 i - a scroll of amnesia
 l - a scroll of remove curse
 o - a scroll of teleportation {unknown}
 r - a scroll of enchant armour {unknown}
 t - a scroll of magic mapping {unknown}
Potions
 e - a potion of heal wounds
 h - 2 potions of brilliance
 q - 2 potions of lignification {unknown}
Comestibles
 g - 2 rations
 p - 5 chunks of flesh


   Skills:
 + Level 2.2 Fighting
 + Level 2.6 Short Blades
 + Level 2.3 Throwing
 + Level 1.6 Dodging
 * Level 5.3 Stealth


You had 3 spell levels left.
You didn't know any spells.

Dungeon Overview and Level Annotations

Branches:
Dungeon (2/15)

Altars:


Innate Abilities, Weirdness & Mutations

You are small and have problems with some larger weapons.
You are somewhat resistant to further mutation.


Message History

The gnoll barely misses you.
Throwing (i - inventory. (,) - cycle):
j - 33 stones (quivered)
Press: ? - help, Shift-Dir - straight line, f/p - gnoll
Aim: a gnoll, wielding a flail (moderately wounded)
You throw a stone. The stone hits the gnoll.
The gnoll is heavily wounded.
The gnoll completely misses you.
Throwing (i - inventory. (,) - cycle):
j - 32 stones (quivered)
Press: ? - help, Shift-Dir - straight line, f/p - gnoll
Aim: a gnoll, wielding a flail (heavily wounded)
You throw a stone. The stone hits the gnoll.
The gnoll is severely wounded.
Throwing (i - inventory. (,) - cycle):
j - 31 stones (quivered)
Press: ? - help, Shift-Dir - straight line, f/p - gnoll
Aim: a gnoll, wielding a flail (severely wounded)
You throw a stone.
The stone hits the gnoll but does no damage.
The gnoll is severely wounded.
The gnoll hits you with a flail!
You die...

#............#
##.####).###.# #.#
#......# #.#
##..#####
#.###...###
##.##...(..#
#..##.#.##.####
#.#...<........
#.#.#@..##.####
#.#..g.## .#
#.(..#.# #
#.(#...# #..##.(##
#..##.(.###
##..###....#
#...###.##.#####.g
#(...(.(..........


You could see a gnoll.

Vanquished Creatures
  2 gnolls (D:2)
  A worm (D:2)
  A leopard gecko (D:1)
  9 bats
  4 giant cockroaches
  3 goblins (D:1)
  A hobgoblin (D:2)
  A kobold (D:2)
  A ball python (D:1)
  4 frilled lizards
  3 rats (D:1)
30 creatures vanquished.

Notes
Turn   | Place    | Note
-------+----------+-------------------------------------------
     0 | D:1      | Solrac the Halfling Assassin began the quest for the Orb.
     0 | D:1      | Reached XP level 1. HP: 14/14 MP: 1/1
   165 | D:1      | Reached XP level 2. HP: 19/19 MP: 2/2
   599 | D:1      | Reached skill level 5 in Stealth
   819 | D:1      | Reached XP level 3. HP: 24/24 MP: 3/3
  1164 | D:2      | Reached XP level 4. HP: 29/29 MP: 4/4
  1261 | D:2      | Slain by a gnoll

Skill      XL: |  1  2 |
---------------+-------+-----
Fighting       | 2 |  2.2
Stealth        | 5 |  5.3
Short Blades   | |  2.6
Throwing       | |  2.3
Dodging        | |  1.6

Action                   |  1- 3 |  4- 6 || total
-------------------------+-------+-------++-------
Melee: Blowgun           |     2 |       ||     2
       Short sword       |    31 |     2 ||    33
 Fire: Blowgun           |    50 |     6 ||    56
Throw: Stone             |       |     3 ||     3
  Use: Scroll            |     4 |       ||     4
  Eat: Chunk             |     1 |       ||     1
Armor: Robe              |    19 |       ||    19
Dodge: Dodged            |    49 |     5 ||    54
